 Dungeon Crawl Stone Soup version 0.29.1 (webtiles) character file.

Game seed: 15982656671758701933

81 Jakudza the Gusty (level 4, 0/24 HPs)
             Began as a Tengu Air Elementalist on Sept 12, 2022.
             Slain by a gnoll
             ... wielding a +0 halberd
              (17 damage)
             ... on level 2 of the Dungeon on Sept 13, 2022.
             The game lasted 00:06:58 (2951 turns).

Jakudza the Gusty (Tengu Air Elementalist)          Turns: 2951, Time: 00:06:59

Health: 0/24       AC:  2    Str:  8    XL:     4   Next: 42%
Magic:  4/9        EV: 13    Int: 17    God:
Gold:   125        SH:  0    Dex: 15    Spells: 5/8 levels left

rFire   . . .      SeeInvis .   e - +1 dagger
rCold   . . .      Faith    .   (no shield)
rNeg    . . .      Spirit   .   a - +0 robe
rPois   .          Reflect  .   (helmet restricted)
rElec   .          Harm     .   (no cloak)
rCorr   .          Rampage  .   (no gloves)
Will    .....                   (boots unavailable)
Stlth   ++........              (no amulet)
HPRegen 0.08/turn               (no ring)
MPRegen 0.11/turn               (no ring)

@: very slightly contaminated
A: beak, talons 3
a: no special abilities


You were on level 2 of the Dungeon.
You visited 1 branch of the dungeon, and saw 2 of its levels.

You collected 125 gold pieces.

Inventory:

Hand Weapons
 e - a +1 dagger (weapon)
Armour
 a - a +0 robe (worn)
Jewellery
 i - a ring of ice
Potions
 b - a potion of magic
 c - 3 potions of brilliance
 d - a potion of flight {unknown}
 f - a potion of mutation {unknown}
 g - 2 potions of lignification {unknown}
 h - 2 potions of berserk rage
 j - a potion of attraction {unknown}


   Skills:
 + Level 2.9 Dodging
 - Level 2.1 Stealth
 * Level 2.7 Spellcasting
 + Level 2.5 Conjurations
 * Level 5.1 Air Magic


You had 5 spell levels left.
You knew the following spells:

 Your Spells              Type           Power      Damage    Failure   Level
a - Shock                 Conj/Air       60%        1d6       3%          1
b - Static Discharge      Conj/Air       15%        3-5/arc   6%          2

Your spell library contained the following spells:

 Spells                   Type           Power      Damage    Failure   Level
 Swiftness                Air            19%        N/A       7%          3
 Slow                     Hex            8%         N/A       19%         1
 Airstrike                Air            9%         2d(2-18)  22%         4
 Confusing Touch          Hex            2%         N/A       47%         3
 Vampiric Draining        Necr           2%         2d6       47%         3


Dungeon Overview and Level Annotations

Branches:
Dungeon (2/15)

Altars:


Innate Abilities, Weirdness & Mutations

You have a beak for a mouth.
You have claws for feet.


Message History

Found 9 gold pieces.
You see here a +1 pair of boots.
You now have 125 gold pieces (gained 9).
There is an escape hatch in the floor here.
There is an open door here.
You see here a +0 leather armour.
There is a stone staircase leading up here.
Found a leather armour.
You see here a +0 leather armour.
A gnoll comes into view. It is wielding a +0 halberd.
The gnoll shouts!
The zap misses the gnoll.
You miscast Shock.
You are very lightly contaminated with residual magic.
Nothing appears to happen.
A gnoll comes into view. It is wielding a +0 spear.
Casting: Shock (safe; 3% risk of failure)
Confirm with . or Enter, or press ? or * to list all spells.
Aiming: Shock (safe; 3% risk of failure)
Press: ? - help, Shift-Dir - straight line, f - gnoll, p - gnoll
Aim: a gnoll, wielding a +0 spear (wandering, hasn't noticed you, 75% to hit)
The zap misses the gnoll.
The zap hits the gnoll but does no damage.
The gnoll shouts!
You hear a shout!
A gnoll comes into view. It is wielding a +0 flail.
The gnoll moves out of view.
Your magical contamination has completely faded away.
The zap misses the gnoll.
You miscast Shock.
You are very lightly contaminated with residual magic.
Nothing appears to happen.
The gnoll hits you from afar with a +0 halberd!
The zap hits the gnoll.
The gnoll is moderately wounded.
The gnoll closely misses you.
The zap hits the gnoll.
The gnoll is moderately wounded.
The gnoll hits you from afar with a +0 halberd!
Ouch! That really hurt!
You die...

.......##.# #.......#
..........# #....##.#
.......#### ##..#.##.#
#......# #...#....#
.......#* ##.#####..#
,,,,,,,,*###....#....#
,,,,,,,,+.......#.##.#
,,,,,,,,**##.....[##.#
,,,,,,,** ##...@....#
*>,,,,** ####..####
**,,,** ##.g.## **+**
#.....# *,* ##...##
*,* ##.## **,** #.#
**,>,** #.# *,,,,,*
##*** #.#


You could see a gnoll.

Vanquished Creatures
  A gnoll (D:1)
  2 adders (D:2)
  A worm (D:2)
  A dart slug (D:1)
  2 bats
  4 endoplasms
  A giant cockroach (D:2)
  4 goblins
  3 hobgoblins
  9 jackals
  4 quokkas
  3 ball pythons
  4 frilled lizards
  2 kobolds (D:2)
  A rat (D:2)
42 creatures vanquished.

Notes
Turn   | Place    | Note
-------+----------+-------------------------------------------
     0 | D:1      | Jakudza the Tengu Air Elementalist began the quest for the
                  | Orb.
     0 | D:1      | Reached XP level 1. HP: 10/10 MP: 4/4
   522 | D:1      | Found a faded altar of an unknown god.
   573 | D:1      | Reached XP level 2. HP: 9/15 MP: 1/6
   952 | D:1      | Reached XP level 3. HP: 15/19 MP: 1/7
  1087 | D:1      | Upgraded the game from 0.29.0-15-g675c0067aa to 0.29.1
  1317 | D:1      | Learned a level 2 spell: Static Discharge
  1966 | D:2      | Reached XP level 4. HP: 24/24 MP: 2/8
  2329 | D:2      | Reached skill level 5 in Air Magic
  2951 | D:2      | Slain by a gnoll

Illustrated notes

Levels and vault maps discovered:
D:1:      dpeg_arrival_orchard, layout_rooms, hellmonk_ecumenical_altar_zigzags,
          minmay_distorted
D:2:      layout_loops_corners

Skill      XL: |  1  2  3  4 |
---------------+-------------+-----
Conjurations   | 2 |  2.5
Air Magic      | 5 |  5.1
Dodging        | |  2.9
Stealth        | |  2.1
Spellcasting   | |  2.7

Action                   |  1- 3 |  4- 6 || total
-------------------------+-------+-------++-------
Melee: Unarmed           |     4 |       ||     4
       Dagger            |     3 |     2 ||     5
       Kick              |     3 |       ||     3
       Peck              |     1 |       ||     1
 Cast: Shock             |    62 |    41 ||   103
       Static Discharge  |     2 |     1 ||     3
  Use: Scroll            |     4 |     2 ||     6
Armor: Robe              |       |     1 ||     1
Dodge: Dodged            |     7 |    10 ||    17
